 Dungeon Crawl Stone Soup version 0.22.0-36-g8e74550 (webtiles) character file.

245 shmeve the Chopper (level 5, -6/72 HPs)
             Began as a Minotaur Berserker on Aug 24, 2018.
             Was a Believer of Trog.
             Mangled by an ogre
             ... wielding a +0 giant club
              (9 damage)
             ... on level 4 of the Dungeon.
             The game lasted 00:09:26 (2335 turns).

shmeve the Chopper (Minotaur Berserker)             Turns: 2335, Time: 00:09:27

Health: -6/72      AC: 12    Str: 34    XL:     5   Next: 84%
Magic:  4/4        EV:  9    Int:  4    God:    Trog [**....]
Gold:   125        SH:  0    Dex: 10    Spells: 4/4 levels left

rFire    . . .     SeeInvis .   a - +0 hand axe
rCold    . . .     Gourm    .   (no shield)
rNeg     . . .     Faith    .   t - +0 plate armour
rPois    .         Spirit   .   (helmet restricted)
rElec    .         Reflect  .   q - +0 cloak
rCorr    .         Harm     .   (no gloves)
MR       .....                  (no boots)
Stlth    ..........             (no amulet)
HPRegen  0.22/turn              l - +4 ring of strength
MPRegen  0.09/turn              p - +3 ring of strength

@: berserking, very quick
A: retaliatory headbutt, horns 2
a: Berserk, Trog's Hand, Renounce Religion


You were on level 4 of the Dungeon.
You worshipped Trog.
Trog was pleased with you.
You were very hungry.

You visited 1 branch of the dungeon, and saw 4 of its levels.

You collected 125 gold pieces.

Inventory:

Hand Weapons
 a - a +0 hand axe (weapon)
Missiles
 s - 4 tomahawks (quivered)
Armour
 q - a +0 cloak (worn)
 t - a +0 plate armour (worn)
Jewellery
 l - a +4 ring of strength (left hand)
 p - a +3 ring of strength (right hand)
Scrolls
 b - a scroll of fog {unknown}
 h - a scroll of random uselessness {unknown}
 i - a scroll of magic mapping {unknown}
 j - 2 scrolls of noise {unknown}
 k - 5 scrolls of identify {unknown}
 o - a scroll of remove curse {unknown}
 r - a scroll of enchant weapon {unknown}
Potions
 d - a potion of flight {unknown}
 e - 3 potions of curing {unknown}
 f - a potion of resistance {unknown}
 g - a potion of agility {unknown}
 m - 3 potions of ambrosia {unknown}
Comestibles
 c - 6 rations
 n - a chunk of flesh


   Skills:
 * Level 5.0 Fighting
 * Level 5.1 Axes
 * Level 2.6 Throwing
 + Level 3.4 Armour
 + Level 3.1 Dodging


You had 4 spell levels left.
You didn't know any spells.
Your spell library was empty.

Dungeon Overview and Level Annotations

Branches:
Dungeon (4/15)
 Temple: D:4-7

Altars:
Gozag


Innate Abilities, Weirdness & Mutations

You reflexively headbutt those who attack you in melee.
You have a pair of horns on your head.


Message History

You hit the iguana.
You kill the iguana!
Trog accepts your kill.
Your Fighting skill increases to level 5!
You hit the ogre but do no damage. The ogre hits you but does no damage.
Unknown command.
You hit the ogre.
The ogre is lightly wounded.
You hit the ogre. You headbutt the ogre!
The ogre is severely wounded.
The ogre hits you with a giant club!
* * * LOW HITPOINT WARNING * * *
You barely miss the ogre.
The ogre is severely wounded.
The ogre hits you but does no damage.
A red film seems to cover your vision as you go berserk!
You feel yourself moving faster!
You feel mighty!
You are feeling very hungry.
The ogre hits you with a giant club!
You die...

#.....#....#
#.....###########..
####...............
#...............
#...............
#............... ##
#............... ..
#........O...... .#
####.......@†......
.#
#.....#'#######+#..
.# #.....#......#
.# #.....#......#
<# #.....#......#
.# #.....#......#
'#####.....#.##..##
.........#########
.........#


You could see an ogre.

Vanquished Creatures
  A scorpion (D:4)
  A hound (D:4)
  An iguana (D:4)
  Natasha (D:3)
  4 adders
  An ooze (D:4)
  A worm (D:3)
  A dart slug (D:3)
  4 leopard geckos
  An orc (D:3)
  7 bats
  4 giant cockroaches
  4 goblins
  7 hobgoblins
  3 jackals (D:2)
  14 kobolds
  A quokka (D:3)
  2 ball pythons
  3 frilled lizards
  9 rats
70 creatures vanquished.

Vanquished Creatures (others)
  A bush (D:3)
1 creature vanquished.

Grand Total: 71 creatures vanquished

Notes
Turn   | Place    | Note
-------+----------+-------------------------------------------
     0 | D:1      | shmeve the Minotaur Berserker began the quest for the Orb.
     0 | D:1      | Reached XP level 1. HP: 19/19 MP: 0/0
     2 | D:1      | Noticed an ogre
     3 | D:1      | Noticed an octopode
     5 | D:1      | Noticed a tengu
     5 | D:1      | Noticed a felid
     7 | D:1      | Noticed a ghoul
     7 | D:1      | Noticed a spriggan
     9 | D:1      | Noticed a halfling
    11 | D:1      | Noticed a gargoyle
    11 | D:1      | Noticed a minotaur
    13 | D:1      | Noticed a dwarf
    13 | D:1      | Noticed a draconian
    15 | D:1      | Noticed a naga
    15 | D:1      | Noticed a vine stalker
    17 | D:1      | Noticed a human
    19 | D:1      | Noticed a demonspawn
    19 | D:1      | Noticed a vampire
    21 | D:1      | Noticed an elf
    21 | D:1      | Noticed a troll
    23 | D:1      | Noticed a centaur
    23 | D:1      | Noticed a formicid
    25 | D:1      | Noticed a demigod
    27 | D:1      | Noticed a merfolk
   272 | D:1      | Reached XP level 2. HP: 23/27 MP: 1/1
   654 | D:1      | Reached skill level 1 in Throwing
   914 | D:2      | Reached ** piety under Trog
  1063 | D:2      | Reached XP level 3. HP: 33/33 MP: 2/2
  1107 | D:2      | Found an opulent altar of Gozag.
  1455 | D:3      | Reached XP level 4. HP: 34/41 MP: 3/3
  1717 | D:3      | Noticed Natasha
  1724 | D:3      | Killed Natasha
  2228 | D:4      | Reached XP level 5. HP: 47/47 MP: 4/4
  2320 | D:4      | Noticed an ogre
  2326 | D:4      | Reached skill level 5 in Axes
  2331 | D:4      | Reached skill level 5 in Fighting
  2333 | D:4      | HP: 2/48 [ogre/giant club (16)]
  2335 | D:4      | Mangled by an ogre

Skill      XL: |  1  2  3  4  5 |
---------------+----------------+-----
Fighting       | 4 5 |  5.0
Throwing       | 1 2 |  2.6
Axes           | 4 5 |  5.1
Armour         | 3 |  3.4
Dodging        | 3 |  3.1

Action                   |  1- 3 |  4- 6 || total
-------------------------+-------+-------++-------
Melee: Hand axe          |    72 |    91 ||   163
       Headbutt          |     7 |    29 ||    36
Invok: Trog's Hand       |       |     2 ||     2
       Berserk           |       |     1 ||     1
 Stab: Sleeping          |       |     1 ||     1
  Eat: Chunk             |     2 |     3 ||     5
Armor: Animal skin       |    22 |     6 ||    28
       Plate armour      |       |    19 ||    19
Dodge: Dodged            |    61 |    42 ||   103
